 Dungeon Crawl Stone Soup version 0.27.0-1-g7a089689b8 (webtiles) character file.

Game seed: 16820386613816199241

15581 ketsa the Severer (level 12, -11/96 HPs)
             Began as a Minotaur Berserker on Aug 2, 2021.
             Was an Elder of Trog.
             Mangled by a death knight (24 damage)
             ... on level 10 of the Dungeon.
             The game lasted 00:51:35 (14090 turns).

ketsa the Severer (Minotaur Berserker)             Turns: 14090, Time: 00:51:35

Health: -11/96     AC: 18    Str: 25    XL:     12   Next: 2%
Magic:  11/11      EV: 15    Int:  4    God:    Trog [****..]
Gold:   250        SH:  5    Dex: 12    Spells: 11/11 levels left

rFire    . . .     SeeInvis .   d - +3 battleaxe (venom)
rCold    . . .     Faith    .   (shield currently unavailable)
rNeg     . . .     Spirit   .   W - +3 scale mail {rPois}
rPois    +         Reflect  +   (helmet restricted)
rElec    .         Harm     .   m - +2 cloak
rCorr    .         Rampage  .   (no gloves)
Will     .....                  u - +1 pair of boots
Stlth    ..........             T - amulet of reflection
HPRegen  0.26/turn              b - +4 ring of evasion
MPRegen  0.12/turn              R - ring of poison resistance

@: on berserk cooldown, slowed, very slow
A: horns 2, retaliatory headbutt
a: Renounce Religion, Berserk, Trog's Hand, Brothers in Arms


You were on level 10 of the Dungeon.
You worshipped Trog.
Trog was greatly pleased with you.
You visited 2 branches of the dungeon, and saw 13 of its levels.

You collected 616 gold pieces.
You spent 366 gold pieces at shops.

Inventory:

Hand Weapons
 a - a +0 hand axe
 d - a +3 battleaxe of venom (weapon)
 F - a +5 whip
 H - a +3 morningstar
 J - a +6 shortbow
 L - a +2 dire flail of draining
 S - a +4 antimagic war axe
Missiles
 k - 608 stones (quivered)
 s - 2 curare-tipped darts
 z - 20 poisoned darts
 C - 4 throwing nets
 M - 7 boomerangs
Armour
 c - a +0 leather armour
 g - a +0 kite shield
 m - a +2 cloak (worn)
 o - a +0 chain mail
 p - a +0 ring mail
 q - a +0 scale mail
 u - a +1 pair of boots (worn)
 y - a +0 plate armour
 A - +0 steam dragon scales
 D - a +0 chain mail of poison resistance
 Q - a +0 ring mail
 W - a +3 scale mail of poison resistance (worn)
Jewellery
 b - a +4 ring of evasion (left hand)
 l - a ring of protection from cold
 I - a ring of willpower
 R - a ring of poison resistance (right hand)
 T - an amulet of reflection (around neck)
 U - an amulet of guardian spirit
Wands
 K - a wand of paralysis (9)
 N - a wand of mindburst (24)
 P - a wand of charming (9)
Scrolls
 f - a scroll of torment
 j - a scroll of magic mapping
 t - 2 scrolls of enchant armour
 w - 2 scrolls of amnesia
 O - 3 scrolls of noise
 X - a scroll of enchant weapon
Potions
 e - 3 potions of lignification
 h - 2 potions of attraction {unknown}
 n - 7 potions of curing
 r - 3 potions of heal wounds
 v - 2 potions of cancellation
 x - 2 potions of flight
 B - a potion of resistance
 E - 2 potions of magic {unknown}
 G - a potion of invisibility
 V - a potion of mutation {unknown}
Miscellaneous
 i - a tin of tremorstones (2/2)


   Skills:
 - Level 6.0 Fighting
 * Level 17.6 Axes
 + Level 13.1 Armour
 - Level 2.5 Dodging


You had 11 spell levels left.
You didn't know any spells.
Your spell library was empty.

Dungeon Overview and Level Annotations

Branches:
Dungeon (12/15)            Temple (1/1) D:5            Lair (0/6) D:11
    Orc: D:9-12

Altars:
Ashenzari
Cheibriados
Dithmenos
Elyvilon
Fedhas
Gozag
Hepliaklqana
Kikubaaqudgha
Makhleb
Nemelex Xobeh
Okawaru
Qazlal
Ru
Sif Muna
Trog
Uskayaw
Vehumet
Wu Jian
Xom
Yredelemnul
Zin
The Shining One

Shops:
D:3 *!   D:4 =   D:10 (

Annotations:
D:4 3 runed translucent doors, Cleetus's ghost, amateur FoFi; PaladinM's ghost, novice DsFi; bl3nd3r's ghost, amateur GrFi; eccles's ghost, amateur OpCj; melvinkitnick's ghost, amateur DEEE
D:8 2 transporters, Grum; Setanta's ghost, novice GnFi


Innate Abilities, Weirdness & Mutations

You have a pair of horns on your head.
You reflexively headbutt those who attack you in melee.


Message History

The yak closely misses you. You furiously retaliate!
You headbutt the yak! The yak gores you but does no damage.
You slice the yak!!
You kill the yak!
Trog accepts your kill.
Things that are here:
a yak corpse; a hornet corpse The death knight shouts!
A red film seems to cover your vision as you go berserk!
You feel yourself moving faster!
You feel mighty!
The death knight hits you with a +0 great mace!
You closely miss the death knight.
The death knight offers itself to Yredelemnul, and fills with unholy energy.
You cut the death knight into ribbons!!!
The death knight is heavily wounded.
The death knight reflects your damage back at you!
You slice the death knight!!
The death knight is poisoned.
The death knight is almost dead.
The death knight reflects your damage back at you!
The death knight invokes the aid of Yredelemnul against you.
Your body is wracked with pain!
You feel a strong urge to attack something.
The death knight hits you with a +0 great mace.
The death knight reflects your damage back at you!
The death knight hits you with a +0 great mace.
* * * LOW HITPOINT WARNING * * *
You feel your anger nearly subside.
You are no longer berserk.
You are exhausted.
You feel yourself slow down. The death knight barely misses you.
The death knight reflects your damage back at you!
* * * LOW HITPOINT WARNING * * *
You barely miss the death knight.
The death knight is almost dead.
The death knight hits you with a +0 great mace!
* * * LOW HITPOINT WARNING * * *
You feel much better.
The death knight hits you with a +0 great mace!!
* * * LOW HITPOINT WARNING * * *
The death knight hits you with a +0 great mace!!
You die...

.##....##..##.#.........####...##
.##....##..##.'.........'.§.....#
.##....##..##.#.........####...##
.##...)##..##.##.......## ##.###
..######..###.###.....## ### #
...####...##..# ##...## #
#........###..#####'### #
##......###...##.p....# #
##......##....##@##.#.# ######
...........#####.##.#.# #.....
#............†........#### #.####
######....######.........###.#
###### #.#...........#
#.##.#.##.###.# #......##.....#
####.#.######.# #.#.# #.#


You could see a death knight (reflects damage, poisoned).

Vanquished Creatures
  An ogre mage (D:11)
  A boulder beetle (D:11)
  2 two-headed ogres (D:10)
  2 cyclopes
  3 manticores (D:11)
  Maurice (D:9)
  Joseph (D:8)
  A centaur zombie (D:10)
  An unseen horror (D:7)
  2 trolls
  A hornet (D:10)
  3 slime creatures (D:10)
  Prince Ribbit (D:9)
  A meliai zombie (D:11)
  14 yaks
  3 wraiths
  Eustachio (D:4)
  A basilisk (D:9)
  3 steam dragons
  2 vampire mosquitoes (D:10)
  Edmund (D:5)
  A water moccasin (D:7)
  An ice beast (D:7)
  An orc warrior (D:5)
  2 black bears (D:6)
  6 centaurs
  An ogre (D:5)
  4 bullfrogs
  5 kobold brigands
  A water moccasin zombie (D:5)
  2 vampire bats (D:6)
  4 killer bees (D:10)
  3 wights (D:7)
  A howler monkey (D:6)
  A bullfrog zombie (D:6)
  A jelly (D:6)
  A bullfrog skeleton (D:6)
  A centaur skeleton (D:7)
  2 gnoll shamans
  6 orc priests
  3 hounds
  2 hell rats (D:11)
  4 iguanas
  9 orc wizards
  A howler monkey zombie (D:9)
  9 gnolls
  A howler monkey skeleton (D:7)
  7 adders
  3 shadow imps
  An ufetubus (D:7)
  2 adder skeletons (D:4)
  4 worms
  23 orcs
  7 ball pythons
  4 endoplasms
  6 giant cockroaches
  7 hobgoblins
  13 jackals
  6 quokkas
  16 bats
  2 frilled lizards
  7 goblins
  14 kobolds
  5 rats
246 creatures vanquished.

Vanquished Creatures (collateral kills)
  A hydra (D:11)
  3 death yaks (D:11)
  A river rat (D:11)
5 creatures vanquished.

Vanquished Creatures (others)
  A jackal (D:4)
  6 plants (D:8)
7 creatures vanquished.

Grand Total: 258 creatures vanquished

Notes
Turn   | Place    | Note
-------+----------+-------------------------------------------
     0 | D:1      | ketsa the Minotaur Berserker began the quest for the Orb.
     0 | D:1      | Reached XP level 1. HP: 19/19 MP: 0/0
   335 | D:1      | Reached skill level 4 in Axes
   335 | D:1      | Reached XP level 2. HP: 25/27 MP: 1/1
   342 | D:1      | Found a faded altar of an unknown god.
   945 | D:2      | Identified a scroll of acquirement
   945 | D:2      | Acquired a +1 battleaxe of distortion
  1025 | D:2      | Reached XP level 3. HP: 33/33 MP: 2/2
  1275 | D:2      | Reached ** piety under Trog
  1624 | D:3      | Found a hazy altar of Hepliaklqana.
  1696 | D:3      | Reached XP level 4. HP: 41/41 MP: 3/3
  1716 | D:3      | Reached skill level 5 in Axes
  2243 | D:3      | Found Gozag's Platinum Reserve.
  2311 | D:3      | Reached XP level 5. HP: 47/47 MP: 4/4
  2371 | D:3      | Found Deruc's Distillery.
  2398 | D:3      | Bought a potion of curing for 33 gold pieces
  2398 | D:3      | Bought a potion of flight for 33 gold pieces
  2509 | D:3      | Found an opulent altar of Gozag.
  2599 | D:3      | Found a snail-covered altar of Cheibriados.
  2699 | D:4      | Found an ornate altar of the Wu Jian Council.
  2751 | D:4      | Found Ynuinwot's Jewellery Boutique.
  2880 | D:4      | Reached *** piety under Trog
  2911 | D:4      | Reached skill level 6 in Axes
  2920 | D:4      | Reached skill level 5 in Fighting
  2963 | D:4      | Noticed a steam dragon
  2968 | D:4      | Reached XP level 6. HP: 56/56 MP: 5/5
  2974 | D:4      | Noticed Eustachio
  2975 | D:4      | Killed a steam dragon
  3277 | D:4      | Found a runed translucent gate.
  3277 | D:4      | Found a runed translucent gate.
  3277 | D:4      | Found a runed translucent gate.
  3277 | D:4      | Noticed bl3nd3r's ghost (amateur GrFi)
  3277 | D:4      | Noticed Cleetus's ghost (amateur FoFi)
  3278 | D:4      | Noticed melvinkitnick's ghost (amateur DEEE)
  3278 | D:4      | Noticed eccles's ghost (amateur OpCj)
  3278 | D:4      | Noticed PaladinM's ghost (novice DsFi)
  3316 | D:4      | Reached skill level 7 in Axes
  3333 | D:4      | Found a sparkling altar of Nemelex Xobeh.
  3402 | D:5      | Entered Level 5 of the Dungeon
  3405 | D:5      | Noticed Edmund
  3407 | D:5      | Reached XP level 7. HP: 62/62 MP: 6/6
  3498 | D:5      | Reached skill level 5 in Armour
  4115 | D:5      | Reached skill level 8 in Axes
  4306 | D:4      | Killed Eustachio
  4444 | D:4      | Reached **** piety under Trog
  4457 | D:4      | Found a sacrificial altar of Ru.
  4460 | D:4      | Reached XP level 8. HP: 70/70 MP: 7/7
  4477 | D:4      | Reached skill level 9 in Axes
  4793 | D:5      | Paralysed by an orc warrior for 3 turns
  4953 | D:5      | Killed Edmund
  5043 | D:5      | Found a staircase to the Ecumenical Temple.
  5052 | Temple   | Entered the Ecumenical Temple
  5424 | D:6      | Reached skill level 10 in Axes
  5915 | D:6      | Reached skill level 11 in Axes
  5916 | D:6      | Found a burning altar of Makhleb.
  6216 | D:6      | Reached XP level 9. HP: 75/75 MP: 8/8
  6462 | D:7      | Found a broken altar of Ashenzari.
  6547 | D:7      | Killed an unseen horror
  6548 | D:7      | Reached skill level 12 in Axes
  6947 | D:7      | Found a shadowy altar of Dithmenos.
  7418 | D:7      | Reached ***** piety under Trog
  8015 | D:8      | Identified the +1 trident of Likyisil {venom, *Rage rF++
                  | Dex+4 Stlth+}
  8032 | D:8      | Found a transporter.
  8032 | D:8      | Noticed Grum
  8114 | D:8      | Found a hide-covered altar of Uskayaw.
  8175 | D:8      | Noticed Joseph
  8195 | D:8      | Killed Joseph
  8196 | D:8      | Reached skill level 13 in Axes
  8274 | D:8      | Found a transporter.
  8339 | D:8      | Noticed Setanta's ghost (novice GnFi)
  8544 | D:9      | Noticed Prince Ribbit
  8604 | D:9      | Received a gift from Trog
  9042 | D:9      | Reached XP level 10. HP: 65/83 MP: 9/9
  9318 | D:8      | Reached skill level 10 in Armour
  9375 | D:8      | Reached skill level 14 in Axes
  9523 | D:9      | Found a shimmering blue altar of Sif Muna.
  9618 | D:9      | Noticed Maurice
  9671 | D:9      | Killed Maurice
  9748 | D:9      | Killed Prince Ribbit
  9986 | D:10     | Entered Level 10 of the Dungeon
 10107 | D:10     | Noticed a two-headed ogre
 10146 | D:10     | Killed a two-headed ogre
 10147 | D:10     | Reached skill level 15 in Axes
 10467 | D:10     | Found Hifack's Antique Weapon Shoppe.
 10660 | D:10     | Reached XP level 11. HP: 63/89 MP: 10/10
 10830 | D:10     | Noticed a death knight
 10923 | D:10     | Noticed a two-headed ogre
 10938 | D:10     | Killed a two-headed ogre
 10947 | D:10     | Reached skill level 16 in Axes
 11601 | D:12     | Noticed a skeletal warrior
 11774 | D:11     | Noticed a five-headed hydra
 11779 | D:11     | Killed a six-headed hydra
 11969 | D:11     | Noticed a boulder beetle
 11980 | D:11     | Killed a boulder beetle
 12542 | D:11     | Noticed an ogre mage
 12555 | D:11     | Killed an ogre mage
 12572 | D:11     | Identified the +0 robe of Insatiable Hunger {rElec rC+}
 12637 | D:11     | Found a staircase to the Lair.
 12642 | D:11     | Noticed a death yak
 12652 | D:11     | Noticed a death yak
 12654 | D:11     | Noticed a death yak
 12655 | D:11     | Killed a death yak
 12656 | D:11     | Reached skill level 17 in Axes
 12657 | D:11     | Killed a death yak
 12660 | D:11     | Killed a death yak
 13623 | D:4      | Bought an amulet of reflection for 300 gold pieces
 14071 | D:10     | Reached XP level 12. HP: 95/96 MP: 11/11
 14090 | D:10     | Mangled by a death knight

Illustrated notes

Levels and vault maps discovered:
D:1:      wheals_arrival_shading, layout_basic, shapermc_ecumenical_altar_gd
D:2:      layout_basic
D:3:      minmay_razor_zed, layout_loops_ring, lemuel_tele_altar,
          nicolae_gozag_zags_fifth_avenue, mainiacjoe_overflow_alcove_1,
          serial_shops, shop_statue
D:4:      layout_cave_pools, nemelex_spade_bored_becter,
          nzn_wu_jian_council_hall, nicolae_ru_great_annihilating_truth,
          gammafunk_ghost_cemetery, serial_shops, nicolae_square_shop,
          uniq_eustachio
D:5:      layout_basic, minmay_temple_entry_hall, st_stairs_8, kennysheep_donut,
          uniq_edmund
D:6:      layout_loops_corners, mainiacjoe_overflow_catwalk, roderic_batcave
D:7:      layout_basic, lemuel_round_altar, nicolae_ashenzari_skybound,
          chequers_serial_rivers_small_b
D:8:      layout_loops_ring, mainiacjoe_overflow_small_starburst,
          gammafunk_ghost_gnarly_gnolls, minmay_sticks_and_stones
D:9:      layout_big_octagon, led_sif_pool, item_on_display_a, uniq_maurice,
          uniq_prince_ribbit1
D:10:     kennysheep_spiral_hall, layout_loops_corners, serial_shops, shop,
          minmay_mirror_moons_of_madness
D:11:     layout_layer_cave, dpeg_lair_monsters, small_chamber_with_monster
D:12:     layout_small_grid, kennysheep_orc_monster_closet_entryway,
          special_room [special_room_orc]
Temple:   jpeg_temple_clearing

Skill      XL: |  1  2  3  4  5  6  7  8  9 10 11 |
---------------+----------------------------------+-----
Axes           | 4 5 6 7 8 11 13 15 17 | 17.6
Fighting       | 4 5 6 |  6.0
Armour         | 3 4 6 7 9 11 13 | 13.1
Dodging        | |  2.5

Action                   |  1- 3 |  4- 6 |  7- 9 | 10-12 || total
-------------------------+-------+-------+-------+-------++-------
Melee: Hand axe          |    32 |       |       |       ||    32
       Headbutt          |    10 |    16 |    22 |    51 ||    99
       Battleaxe         |    29 |    98 |   182 |   208 ||   517
Throw: Stone             |       |     1 |       |     4 ||     5
Invok: Trog's Hand       |       |     1 |       |       ||     1
       Berserk           |       |     1 |     4 |     4 ||     9
       Brothers in Arms  |       |       |       |     2 ||     2
Evoke: Wand              |       |       |       |     1 ||     1
  Use: Scroll            |     1 |       |    10 |     8 ||    19
       Potion            |       |       |       |     1 ||     1
 Stab: Paralysed         |       |       |       |     4 ||     4
Armor: Leather armour    |    10 |       |       |       ||    10
       Animal skin       |     1 |       |       |       ||     1
       Chain mail        |     1 |     7 |       |    67 ||    75
       Ring mail         |       |    46 |   100 |    20 ||   166
       Scale mail        |       |       |       |     2 ||     2
Dodge: Dodged            |    65 |    92 |   145 |   122 ||   424
Block: Other             |       |       |       |     3 ||     3
